 Dungeon Crawl Stone Soup version 0.26.1-11-gd32895ea62 (webtiles) character file.

Game seed: 6334927774352627438

65 Leeroy the Sneak (level 3, 0/24 HPs)
             Began as a Vampire Enchanter on July 10, 2021.
             Slain by a bat (1 damage)
             ... on level 2 of the Dungeon.
             The game lasted 00:02:08 (1179 turns).

Leeroy the Sneak (Vampire Enchanter)                Turns: 1179, Time: 00:02:08

Health: 0/24       AC:  2    Str:  7    XL:     3   Next: 92%
Magic:  6/6        EV: 13    Int: 17    God:
Gold:   75         SH:  0    Dex: 15    Spells: 1/6 levels left

rFire    . . .     SeeInvis +   a - +1 dagger
rCold    . . .     Faith    .   (no shield)
rNeg     . . .     Spirit   .   b - +0 robe
rPois    .         Reflect  .   (no helmet)
rElec    .         Harm     .   (no cloak)
rCorr    .         Rampage  .   (no gloves)
Will     .....                  (no boots)
Stlth    ++++......             (no amulet)
HPRegen  0.28/turn              (no ring)
MPRegen  0.10/turn              (no ring)

@: lethally poisoned (0 -> -3), attractive, regenerating quickly
A: fangs 3, see invisible, unbreathing
a: Exsanguinate


You were on level 2 of the Dungeon.
You visited 1 branch of the dungeon, and saw 2 of its levels.

You collected 75 gold pieces.

Inventory:

Hand Weapons
 a - a +1 dagger (weapon)
 d - a cursed +0 short sword
 g - a +2 whip of flaming
Armour
 b - a +0 robe (worn)
Scrolls
 c - a scroll of remove curse
 f - a scroll of magic mapping {unknown}
 h - a scroll of amnesia


   Skills:
 - Level 1.1 Short Blades
 - Level 2.1 Dodging
 + Level 7.5 Stealth
 - Level 2.0 Spellcasting
 - Level 4.4 Hexes


You had one spell level left.
You knew the following spells:

 Your Spells              Type           Power        Failure   Level
b - Ensorcelled Hibernat  Hex/Ice        18%          12%         2
c - Tukima's Dance        Hex            16%          10%         3

Your spell library contained the following spells:

 Spells                   Type           Power        Failure   Level
 Corona                   Hex            17%          3%          1
 Confusing Touch          Hex            16%          10%         3
 Dazzling Flash           Conj/Hex       18%          24%         3


Dungeon Overview and Level Annotations

Branches:
Dungeon (2/15)

Altars:
Ashenzari
Okawaru

Annotations:
D:2 Robin


Innate Abilities, Weirdness & Mutations

Your natural rate of healing is unusually fast.
You have razor-sharp teeth.
You have supernaturally acute eyesight. (SInv)
You can survive without breathing.


Message History

You feel blessed for a moment.
It was a scroll of remove curse.
* * * LOW HITPOINT WARNING * * *
You feel sick. The bat closely misses you. The bat hits you.
* * * LOW HITPOINT WARNING * * *
Unknown command.
* * * LOW HITPOINT WARNING * * *
You feel sick. The bat hits you but does no damage. The bat closely misses you.
The hobgoblin is pulled toward you!
There is an open door here.
As you read the scroll labelled WINUSE DOUL, it crumbles to dust.
It is a scroll of amnesia.
Forget Corona, freeing 1 spell level for a total of 1?
Your memory of Corona unravels.
The bat closely misses you.
Unknown command.
As you read the scroll labelled EGI GIASAENE, it crumbles to dust.
It is a scroll of identify.
g - a +2 whip of flaming
* * * LOW HITPOINT WARNING * * *
You feel sick. The bat hits you.
You die...

####.#####.......
#.........†......
#.##.#.....#.....
######.##.#.....######
######....#.##.#.....######
###...##....#>.........(.g.g(
#...........######..K†.######
##.##.##.....######....(#
#..#...#.....@bgKg((.(..#
#............######....##
#...._.......# #...(#
#............#### #....#
#..#...#.....'..# #....# g
##.##.##.....##.# #....# gg
#...........##.# ###### .g.
###.........##.#
##...#######.#


You could see a hobgoblin, a goblin, a bat and a kobold.

Vanquished Creatures
  An adder (D:2)
  2 oozes (D:2)
  4 dart slugs
  A leopard gecko (D:2)
  5 bats
  A giant cockroach (D:2)
  4 goblins (D:1)
  7 hobgoblins
  3 frilled lizards
  4 kobolds
  5 rats (D:1)
37 creatures vanquished.

Notes
Turn   | Place    | Note
-------+----------+-------------------------------------------
     0 | D:1      | Leeroy the Vampire Enchanter began the quest for the Orb.
     0 | D:1      | Reached XP level 1. HP: 13/13 MP: 3/3
   188 | D:1      | Reached skill level 5 in Stealth
   227 | D:1      | Reached XP level 2. HP: 12/19 MP: 5/5
   460 | D:1      | Reached skill level 6 in Stealth
   904 | D:2      | Reached XP level 3. HP: 21/24 MP: 6/6
   918 | D:2      | Found a broken altar of Ashenzari.
   952 | D:2      | Reached skill level 7 in Stealth
   955 | D:2      | Learned a level 2 spell: Ensorcelled Hibernation
   959 | D:2      | Learned a level 3 spell: Tukima's Dance
   987 | D:2      | Found an iron altar of Okawaru.
  1150 | D:2      | Noticed Robin
  1177 | D:2      | HP: 1/24 [poisoned by a kobold]
  1179 | D:2      | Slain by a bat

Illustrated notes

Levels and vault maps discovered:
D:1:      roderic_dead_forest, layout_loops_ring, corexii_leaking_fountain
D:2:      layout_basic, lemuel_crystal_altar, okawaru_gym_becter, uniq_robin,
          uniq_terence

Skill      XL: |  1  2  3 |
---------------+----------+-----
Stealth        | 5 6 7 |  7.5
Short Blades   | |  1.1
Dodging        | |  2.1
Spellcasting   | |  2.0
Hexes          | |  4.4

Action                   || total
-------------------------++-------
Melee: Dagger            ||   122
       Bite              ||    15
  Use: Scroll            ||     3
       Potion            ||     1
 Stab: Sleeping          ||    13
Armor: Robe              ||    20
Dodge: Dodged            ||   100
